 Dungeon Crawl Stone Soup version 0.30-a0-989-g0d87f670db (webtiles) character file.

Game seed: 7375872648914031131

218 Antologik the Trooper (level 5, -2/48 HPs)
             Began as a Minotaur Berserker on Apr 3, 2023.
             Was an Initiate of Wu Jian.
             Slain by a wraith (11 damage)
             ... on level 1 of the Abyss.
             The game lasted 00:14:12 (573 turns).

Antologik the Trooper (Minotaur Berserker)           Turns: 573, Time: 00:14:12

Health: -2/48      AC: 12    Str: 24    XL:     5   Next: 63%
Magic:  4/4        EV: 11    Int:  4    God:    Wu Jian [......]
Gold:   59         SH:  0    Dex:  9    Spells: 4/4 levels left

rFire   . . .      SeeInvis .    k - +2 mace (protect)
rCold   . . .      Faith    .    (no shield)
rNeg    . . .      Spirit   .    e - +0 ring mail
rPois   .          Reflect  .    (helmet restricted)
rElec   .          Rampage  .    (no cloak)
rCorr   .                        (no gloves)
Will    .....                    (no boots) Stlth
                                 (no amulet)
HPRegen 0.28/turn                (no ring)
MPRegen 0.09/turn                (no ring)

@: under a protective aura, slowed, very slow
A: horns 2, retaliatory headbutt
a: Renounce Religion


You were on level 1 of the Abyss.
You worshipped Wu Jian.
Wu Jian was noncommittal.
You visited 1 branch of the dungeon, and saw 4 of its levels.
You visited the Abyss 1 time.

You collected 59 gold pieces.

Inventory:

Hand Weapons
 a - a +0 spear
 c - a +0 club
 f - a +2 whip of distortion
 k - a +2 mace of protection (weapon)
Armour
 b - a +0 animal skin
 e - a +0 ring mail (worn)
 m - a +0 chain mail
Potions
 d - a potion of mutation {unknown}
 g - a potion of resistance {unknown}
 h - a potion of haste {unknown}
 i - 2 potions of attraction {unknown}
 j - 2 potions of heal wounds {unknown}
 l - a potion of lignification {unknown}


   Skills:
 + Level 5.4 Fighting
 + Level 1.1 Maces & Flails
 + Level 5.3 Polearms
 + Level 3.6 Armour
 + Level 2.7 Dodging


You had 4 spell levels left.
You didn't know any spells.
Your spell library was empty.

Dungeon Overview and Level Annotations

Branches:
Dungeon (4/15)
 Temple: D:4-7

Altars:
Trog
Vehumet

Shops:
D:2 ![

Annotations:
D:4 Menkaure


Innate Abilities, Weirdness & Mutations

You have a pair of horns on your head.
You reflexively headbutt those who attack you in melee.


Message History

You can now perform damaging attacks by moving towards foes.
Okay, then.
Found a corrupted altar of Lugonu.
A wraith is cast out of reality.
There is a corrupted altar of Lugonu here.
You kneel at the altar of Lugonu.
You lunge at the wraith.
You closely miss the wraith. The wraith hits you!
The wraith drains your vigour!
You feel yourself slow down.
You hit the wraith.
Your weapon exudes an aura of protection.
You headbutt the wraith, but do no damage.
The wraith is lightly damaged.
The wraith hits you but does no damage. The wraith barely misses you.
You hit the wraith but do no damage.
The wraith is lightly damaged.
The wraith hits you but does no damage. x2
You closely miss the wraith. Your headbutt misses the wraith.
The wraith is lightly damaged.
The wraith barely misses you. The wraith hits you.
The wraith drains your vigour!
You feel as though you will be slow longer.
Okay, then.
You closely miss the wraith. Your headbutt misses the wraith.
The wraith is lightly damaged.
The wraith hits you.
* * * LOW HITPOINT WARNING * * *
The wraith drains your vigour!
You feel as though you will be slow longer.
The wraith closely misses you. You furiously retaliate!
You headbutt the wraith. The wraith attacks as you move away!
The wraith hits you!
* * * LOW HITPOINT WARNING * * *
The wraith barely misses you.
There is a corrupted altar of Lugonu here.
You hit the wraith but do no damage.
Your weapon exudes an aura of protection.
You headbutt the wraith, but do no damage.
The wraith is moderately damaged.
The wraith barely misses you. The wraith hits you!
You die...

#. #.. .# #.. #
.##.# .# .#.# .##
..######.._.
##...........
#..##...... #
#.@W........#
#.........#...###
#........## .##
............ #
.....##......
#.... #.......#
##.. ....#...#
#.. .....#####


You could see a wraith.

Vanquished Creatures
  3 adders
  An ufetubus (D:4)
  A dart slug (D:1)
  2 bats (D:2)
  An endoplasm (D:2)
  2 hobgoblins
  3 kobolds
  3 ball pythons (D:1)
  2 rats (D:2)
18 creatures vanquished.

Notes
Turn   | Place    | Note
-------+----------+-------------------------------------------
     0 | D:1      | Antologik the Minotaur Berserker began the quest for the
                  | Orb.
     0 | D:1      | Reached XP level 1. HP: 19/19 MP: 0/0
    70 | D:1      | Found a faded altar of an unknown god.
    76 | D:1      | Prayed at the altar of an unknown god.
   134 | D:1      | Reached XP level 2. HP: 27/27 MP: 1/1
   186 | D:2      | Found Noteshrue's Antique Armour Emporium.
   217 | D:2      | Found Seovex's Distillery.
   388 | D:2      | You fall into a shaft and drop 1 floor!
   404 | D:4      | Found a radiant altar of Vehumet.
   408 | D:4      | Reached XP level 3. HP: 34/34 MP: 2/2
   411 | D:4      | Noticed a phantom
   429 | D:4      | Banished a phantom
   430 | D:4      | Reached skill level 5 in Fighting
   430 | D:4      | Reached XP level 4. HP: 17/42 MP: 3/3
   435 | D:4      | Noticed an ice beast
   444 | D:4      | Banished an ice beast
   445 | D:4      | Reached skill level 1 in Maces & Flails
   445 | D:4      | Reached skill level 5 in Polearms
   445 | D:4      | Reached XP level 5. HP: 24/48 MP: 4/4
   474 | D:4      | Noticed Menkaure
   479 | Abyss:1  | Cast into level 1 of the Abyss (unwielding a weapon of
                  | distortion)
   534 | Abyss:1  | Noticed a ynoxinul
   545 | Abyss:1  | Found an ornate altar of the Wu Jian Council.
   555 | Abyss:1  | Fell from the grace of Trog
   555 | Abyss:1  | Became a worshipper of the Wu Jian Council
   557 | Abyss:1  | Found a corrupted altar of Lugonu.
   561 | Abyss:1  | Found a corrupted altar of Lugonu.
   561 | Abyss:1  | Found an ornate altar of the Wu Jian Council.
   561 | Abyss:1  | Found a corrupted altar of Lugonu.
   561 | Abyss:1  | Found an ornate altar of the Wu Jian Council.
   561 | Abyss:1  | Noticed a wraith
   573 | Abyss:1  | Slain by a wraith

Illustrated notes

Levels and vault maps discovered:
D:1:      dpeg_chamrin_arrival_tetris, layout_rooms, serial_shops,
          nicolae_diamond_shop, nicolae_shop_trees,
          ebering_ecumenical_altar_hall
D:2:      layout_loops_cross, serial_shops, shop, shop, shop, shop, shop,
          minmay_tromino_v7
D:3:      layout_loops_ring, nicolae_sif_muna_little_library, serial_shops,
          nicolae_shop_waterfront, nicolae_shop_hallway_plus,
          nicolae_shop_statue_plus, nicolae_lakefront_shop,
          minmay_fractal_squares_gapless_5, uniq_crazy_yiuf_cottage
D:4:      black_bear_nest_1, layout_cave_pools, nicolae_vehumet_radiance,
          uniq_menkaure
Abyss:1:  base:
D:4

Skill      XL: |  1  2  3  4 |
---------------+-------------+-----
Polearms       | 4 5 |  5.3
Fighting       | 4 5 |  5.4
Armour         | 3 |  3.6
Maces & Flails | 1 |  1.1
Dodging        | |  2.7

Action                     |  1- 3 |  4- 6 || total
---------------------------+-------+-------++-------
  Melee: Spear             |    14 |       ||    14
         Headbutt          |     7 |     2 ||     9
         Whip              |    19 |     7 ||    26
         Mace              |       |     6 ||     6
Ability: Lunge             |       |     1 ||     1
    Use: Scroll            |     1 |       ||     1
 Armour: Ring mail         |     4 |     7 ||    11
  Dodge: Dodged            |    17 |    12 ||    29

Table legend: (Time is in decaauts)
 A = Elapsed time spent in this place.
 B = Non-inter-level travel time spent in this place.
 C = Inter-level travel time spent in this place.
 D = Time resting spent in this place.
 E = Time spent auto-exploring this place.
 F = Levels seen in this place.
 G = Mean time per level.
                   A        B        C        D        E       F      G
               +--------+--------+--------+--------+--------+-----+--------+
         Total |    569 |    294 |    275 |     45 |      0 |   5 |  113.8 |
       Dungeon |    470 |    195 |    275 |      0 |      0 |   4 |  117.5 |
         Abyss |     98 |     98 |      0 |     45 |      0 |   1 |   98.0 |
               +--------+--------+--------+--------+--------+-----+--------+

Top non-repeatable levels by time:
     D:2: 232 daAuts
     D:1: 145 daAuts
 Abyss:1: 98 daAuts
     D:4: 76 daAuts
     D:3: 15 daAuts
